 Dungeon Crawl Stone Soup version 0.30-a0-459-g9104f0fc43 (webtiles) character file.

Game seed: 5612231257196732134

44 funkygono the Firebug (level 3, -7/24 HPs)
             Began as a Demonspawn Fire Elementalist on Dec 15, 2022.
             Mangled by Sigmund
             ... wielding a +0 scythe
              (9 damage)
             ... on level 2 of the Dungeon.
             The game lasted 00:02:04 (1519 turns).

funkygono the Firebug (DsFE)                        Turns: 1519, Time: 00:02:04

Health: -7/24      AC:  2    Str:  8    XL:     3   Next: 39%
Magic:  6/6        EV: 12    Int: 18    God:
Gold:   124        SH:  0    Dex: 13    Spells: 3/6 levels left

rFire   . . .      SeeInvis .    d - +0 whip
rCold   . . .      Faith    .    (no shield)
rNeg    . . .      Spirit   .    a - +0 robe
rPois   .          Reflect  .    (no helmet)
rElec   .          Harm     .    (no cloak)
rCorr   +          Rampage  .    (no gloves)
Will    .....                    (no boots)
Stlth   +.........               (no amulet)
HPRegen 0.24/turn                f - ring of resist corrosion
MPRegen 0.10/turn                (no ring)

@: confused
A: hooves 1
a: no special abilities


You were on level 2 of the Dungeon.
You visited 1 branch of the dungeon, and saw 2 of its levels.

You collected 124 gold pieces.

Inventory:

Hand Weapons
 d - a +0 whip (weapon)
Armour
 a - a +0 robe (worn)
Jewellery
 f - a ring of resist corrosion (left hand)
Scrolls
 c - a scroll of acquirement {unknown}
 g - a scroll of magic mapping {unknown}
Potions
 b - a potion of magic
 e - a potion of flight {unknown}
 h - a potion of attraction {unknown}


   Skills:
 + Level 0.2 Fighting
 + Level 2.0 Dodging
 - Level 1.7 Stealth
 + Level 2.4 Spellcasting
 + Level 1.4 Conjurations
 + Level 3.3 Fire Magic


You had 3 spell levels left.
You knew the following spells:

 Your Spells              Type           Power      Damage    Failure   Level
a - Foxfire               Conj/Fire      40%        2x1d6     6%          1
b - Scorch                Fire           28%        2d6       6%          2

Your spell library contained the following spells:

 Spells                   Type           Power      Damage    Failure   Level
 Apportation              Tloc           4%         N/A       17%         1
 Necrotise                Necr           8%         1d4       17%         1
 Summon Small Mammal      Summ           8%         N/A       17%         1
 Inner Flame              Hex/Fire       8%         N/A       26%         3
 Kindle Blastsparks       Fire/Tloc/Air  12%        2d11      32%         3
 Gell's Gravitas          Tloc           2%         N/A       45%         3
 Lesser Beckoning         Tloc           4%         N/A       45%         3
 Teleport Other           Tloc           2%         N/A       45%         3
 Flame Wave               Conj/Fire      10%        2d6       54%         4
 Alistair's Intoxication  Tmut/Pois      1%         N/A       99%         5


Dungeon Overview and Level Annotations

Branches:
Dungeon (2/15)

Altars:

Annotations:
D:2 Sigmund


Innate Abilities, Weirdness & Mutations

You have large cloven feet.


Message History

The foxfire hits Sigmund.
Sigmund is severely wounded.
Casting: Foxfire (safe; 6% risk of failure)
Confirm with . or Enter, or press ? or * to list all spells.
You conjure some foxfire!
Sigmund casts a spell at you.
You are confused.
You hit your foxfire.
Your foxfire is lightly damaged.
The foxfire hits Sigmund.
Sigmund is severely wounded.
The foxfire hits Sigmund.
Sigmund is almost dead.
Sigmund casts a spell at you. The magic dart hits you.
Magic courses through your body.
Unknown command.
You're too confused to move!
Sigmund barely misses you.
Unknown command.
Sigmund casts a spell at you. The magic dart hits you.
You bump into the rock wall.
Sigmund completely misses you.
You bump into the rock wall.
You feel less confused.
Unknown command.
You completely miss Sigmund.
Sigmund is almost dead.
Sigmund gestures at you while chanting.
You are confused.
You're too confused to cast spells.
Sorry, you're not good enough to have a special ability.
Unknown command.
You miss Sigmund. Your punch misses Sigmund.
Sigmund is almost dead.
Sigmund hits you with a +0 scythe!
* * * LOW HITPOINT WARNING * * *
You barely miss Sigmund.
Sigmund is almost dead.
Sigmund hits you with a +0 scythe!
You die...

...)...........≈[≈..#
#.................≈≈≈.##
+.....................#
#.............()....###
#.##.######.........#####
#.##.# #.........#...#
##.##.######.........#...#
.#.##.....##.#######.....#
.#.##..........@@........+
.#.....##........<#†.....#
......###....######.†..<.#
...#.........# #......#
...#.####....# #.....##
...#.# #...... ##....#
...#.# #....### #....#
.#.#.# ..#+## .......#
.#.#.# ... #####+###


You could see Sigmund.

Vanquished Creatures
  2 adders (D:2)
  4 ball pythons (D:1)
  3 bats (D:1)
  4 endoplasms (D:1)
  2 giant cockroaches (D:1)
  3 goblins (D:1)
  2 hobgoblins (D:1)
  A frilled lizard (D:2)
  A kobold (D:2)
  2 rats (D:1)
24 creatures vanquished.

Vanquished Creatures (others)
  75 foxfires
75 creatures vanquished.

Grand Total: 99 creatures vanquished

Notes
Turn   | Place    | Note
-------+----------+-------------------------------------------
     0 | D:1      | funkygono the Demonspawn Fire Elementalist began the quest
                  | for the Orb.
     0 | D:1      | Reached XP level 1. HP: 13/13 MP: 3/3
   100 | D:1      | Reached skill level 3 in Fire Magic
   260 | D:1      | Gained mutation: You have large cloven feet. [demonic
                  | ancestry]
   260 | D:1      | Reached XP level 2. HP: 19/19 MP: 0/5
   263 | D:1      | Learned a level 2 spell: Scorch
  1348 | D:2      | Reached XP level 3. HP: 24/24 MP: 3/6
  1486 | D:2      | Noticed Sigmund
  1519 | D:2      | Mangled by Sigmund

Illustrated notes

Levels and vault maps discovered:
D:1:      saegor_arrival_miasma, layout_basic
D:2:      layout_basic, dreamdust_ecumenical_altar_sealed_demon,
          minmay_misc_feat_tower, corexii_item_surrounded_by_moat, uniq_natasha,
          uniq_sigmund

Skill      XL: |  1  2  3 |
---------------+----------+-----
Fire Magic     | 3 |  3.3
Dodging        | 2 |  2.0
Fighting       | |  0.2
Stealth        | |  1.7
Spellcasting   | |  2.4
Conjurations   | |  1.4

Action                   || total
-------------------------++-------
Melee: Club              ||    14
       Unarmed           ||     3
       Kick              ||     5
       Whip              ||     4
 Cast: Foxfire           ||    43
       Scorch            ||     4
  Use: Potion            ||     1
Armor: Robe              ||    10
Dodge: Dodged            ||    24

Table legend: (Time is in decaauts)
 A = Elapsed time spent in this place.
 B = Non-inter-level travel time spent in this place.
 C = Inter-level travel time spent in this place.
 D = Time resting spent in this place.
 E = Time spent auto-exploring this place.
 F = Levels seen in this place.
 G = Mean time per level.
                   A        B        C        D        E       F      G
               +--------+--------+--------+--------+--------+-----+--------+
         Total |   1521 |   1460 |     61 |     16 |   1229 |   2 |  760.5 |
       Dungeon |   1521 |   1460 |     61 |     16 |   1229 |   2 |  760.5 |
               +--------+--------+--------+--------+--------+-----+--------+

Top non-repeatable levels by time:
     D:1: 1342 daAuts
     D:2: 179 daAuts
